 Dungeon Crawl Stone Soup version 0.19-a0-1490-g5dd3618 (webtiles) character file.

156 FrankyJ the Magician (level 5, -6/28 HPs)
             Began as a Kobold Conjurer on Sept 9, 2016.
             Mangled by dolemite99's ghost (8 damage)
             ... on level 3 of the Dungeon.
             The game lasted 00:13:30 (3575 turns).

FrankyJ the Magician (Kobold Conjurer)              Turns: 3575, Time: 00:13:30

Health: -6/28      AC:  2    Str:  6    XL:     5   Next: 64%
Magic:  12/12      EV: 16    Int: 17    God:
Gold:   130        SH:  0    Dex: 15    Spells: 3 memorised, 6 levels left

rFire  . . .     SeeInvis .     m - +10 club
rCold  . . .     Gourm    .     a - +0 robe
rNeg   . . .     Faith    .     (shield restricted)
rPois  .         Spirit   .     (no helmet)
rElec  .         Dismiss  .     (no cloak)
rCorr  .         Reflect  .     (no gloves)
MR     .....     Harm     .     (no boots)
Stlth  +++.......               (no amulet)
                                (no ring)
                                (no ring)

@: no status effects
A: carnivore 3
a: no special abilities


You were on level 3 of the Dungeon.
You were completely stuffed.

You visited 1 branch of the dungeon, and saw 3 of its levels.

You collected 130 gold pieces.

Inventory:

Hand Weapons
 i - a +1 dagger
 m - a +10 club (weapon)
Missiles
 g - 3 needles of confusion
Armour
 a - a +0 robe (worn)
 p - a +0 pair of boots
Scrolls
 e - a scroll of noise {unknown}
Potions
 d - 2 potions of flight
 f - a potion of haste
 h - a potion of curing
 j - 2 potions of magic {unknown}
 k - a potion of mutation {unknown}
 n - a potion of heal wounds {unknown}
 q - 2 potions of brilliance {unknown}
Books
 b - a book of Conjurations

   Spells                             Type                      Level
   a - Magic Dart                     Conjuration                  1
   b - Searing Ray                    Conjuration                  2
   c - Dazzling Spray                 Conjuration/Hexes            3
   d - Fulminant Prism                Conjuration/Hexes            4
   e - Iskenderun's Mystic Blast      Conjuration                  4
   f - Iskenderun's Battlesphere      Conjuration/Charms           5
Comestibles
 c - 2 meat rations
 l - 2 chunks of flesh


   Skills:
 - Level 3.0 Dodging
 - Level 3.0 Stealth
 + Level 4.6 Spellcasting
 + Level 4.1 Conjurations
 * Level 1.5 Hexes


You had 6 spell levels left.
You knew the following spells:

 Your Spells              Type           Power        Failure   Level  Hunger
a - Magic Dart            Conj           ###.         2%          1    None
b - Searing Ray           Conj           ###...       4%          2    ##.....
c - Fulminant Prism       Conj/Hex       ##........   58%         4    ####...


Dungeon Overview and Level Annotations

Branches:
Dungeon (3/15)

Altars:
Fedhas
Trog
Uskayaw

Annotations:
D:3 dolemite99's ghost, weakling TrHu


Innate Abilities, Weirdness & Mutations

You are small and have problems with some larger weapons.
You are carnivorous and can eat meat at any time.


Message History

The orc throws a tomahawk of returning.
The tomahawk of returning hits you.
The weapon returns to the orc!
The hobgoblin closely misses you.
You sock dolemite99's ghost!
Dolemite99's ghost is moderately damaged.
The orc throws a tomahawk of returning.
The tomahawk of returning barely misses you.
The weapon returns to the orc!
The orc hits you with a falchion of electrocution.
The orc wizard mumbles some strange words.
The orc wizard seems to speed up.
The hobgoblin misses you. Dolemite99's ghost hits you!
* * * LOW HITPOINT WARNING * * *
Dolemite99's ghost hits you.
* * * LOW HITPOINT WARNING * * *
An orc wizard comes into view. It is wielding a dagger.
The orc wizard mumbles some strange words.
The orc wizard flickers and vanishes!
Deactivating autopickup; reactivate with Ctrl-A.
Dolemite99's ghost hits you!
You die...

.................................
.#.............##..###.#......###
.#.####.......###..# #.#......###
.#.# ##..##.#####..# #.'......+..
.#.###...#.........# ###......###
.#.......#..#####.## #......# #
.........#......#.# #......# #
.....#...##....o..# #......# #
.....'....+..ogW@.# ....#.####
.....#..###.......# .###.#.....
##.###...{......o.# .#..... #.#
##.######....# #..... ##.####.#
#....# #.....
.....##.######o...## #.....
.#.#.#.>...o........ +.....
.#.#....####.###..## #.....
.#.#.......#.## ..# #.#...


You could see an orc wizard (wandering), dolemite99's ghost, 3 orcs and a
hobgoblin.

Vanquished Creatures
  Jessica (D:3)
  Natasha (D:3)
  2 adders (D:2)
  2 worms (D:2)
  2 dart slugs
  2 giant geckos
  An orc (D:3)
  2 giant cockroaches
  8 goblins
  6 hobgoblins
  8 jackals
  A ball python (D:1)
  14 bats
  5 giant newts
  9 kobolds
  9 rats
73 creatures vanquished.

Notes
Turn   | Place    | Note
-------+----------+-------------------------------------------
     0 | D:1      | FrankyJ the Kobold Conjurer began the quest for the Orb.
     0 | D:1      | Reached XP level 1. HP: 10/10 MP: 3/3
   283 | D:1      | Reached XP level 2. HP: 15/15 MP: 3/5
   287 | D:1      | Learned a level 2 spell: Searing Ray
   639 | D:1      | Reached XP level 3. HP: 19/19 MP: 4/7
  1826 | D:2      | Reached XP level 4. HP: 22/24 MP: 9/9
  2129 | D:2      | Found a hide-covered altar of Uskayaw.
  2844 | D:2      | Found a blossoming altar of Fedhas.
  3160 | D:3      | Found a bloodstained altar of Trog.
  3213 | D:3      | Reached XP level 5. HP: 28/28 MP: 11/11
  3219 | D:3      | Learned a level 4 spell: Fulminant Prism
  3415 | D:3      | Noticed Jessica
  3418 | D:3      | Killed Jessica
  3418 | D:3      | Reached skill level 1 in Hexes
  3488 | D:3      | Noticed Natasha
  3496 | D:3      | Killed Natasha
  3571 | D:3      | Noticed dolemite99's ghost (weakling TrHu)
  3575 | D:3      | Mangled by dolemite99's ghost

Vault maps used:
D:1:      wheals_arrival_linesprint, minmay_three_crescents
D:2:      overflow_temple_1_default, lemuel_round_altar
D:3:      bloody_trog, minmay_splitting_lines, uniq_natasha, uniq_jessica

Skill      XL: |  1  2  3  4  5 |
---------------+----------------+-----
Stealth        | 3 |  3.0
Dodging        | 3 |  3.0
Spellcasting   | 3 4 |  4.6
Hexes          | 1 |  1.5
Conjurations   | |  4.1

Action                   |  1- 3 |  4- 6 || total
-------------------------+-------+-------++-------
Melee: Dagger            |    21 |    34 ||    55
       Club              |       |     9 ||     9
 Cast: Magic Dart        |    13 |     3 ||    16
       Searing Ray       |    24 |    15 ||    39
  Use: Scroll            |     3 |     3 ||     6
 Stab: Sleeping          |     4 |    12 ||    16
  Eat: Chunk             |    12 |     6 ||    18
Armor: Robe              |    13 |     8 ||    21
Dodge: Dodged            |    48 |    51 ||    99
